Workbook

Sheet Grading Sheet
A1: Budget Expenses
A2: Requirements: Answer each question fully. Answers must be recorded on the worksheet. EXCEL FORMULAS MUST BE USED.
B3: Points Possible | C3: Points Earned | D3: Comments
A4: Location identified | B4: 2
A5: Travel Expenses identified and calculated for the entire group with an Excel formula | B5: 14
A6: Lodging Expenses identified and calculated for the entire group with an Excel formula | B6: 14
A7: Food Expenses identified and calculated for the entire group with an Excel formula | B7: 14
A8: Entertainment Expenses identified and calculated for the entire group with an Excel formula | B8: 14
A9: Total Budget | B9: 2
A10: Budget Expenses total | B10: =SUM(B4:B9) -> 60 | C10: =SUM(C4:C8) -> 0
A11: Loans
A12: Requirements: Answer each question fully. Answers must be recorded on the worksheet. EXCEL FORMULAS MUST BE USED.
B13: Possible Points | C13: Points Earned | D13: Comments
A14: Calculations for both loans are correct | B14: 21
A15: Explain in 25 to 100 words which loan is the best option and why. | B15: 14
A16: Loan total | B16: =SUM(B14:B15) -> 35 | C16: =SUM(C14:C15) -> 0
A17: Stats
A18: Requirements: Answer each question fully. Answers must be recorded on the worksheet. EXCEL FORMULAS MUST BE USED.
B19: Points Possible | C19: Points Earned | D19: Comments
A20: Mean, Median, Mode | B20: 6
A21: Range, Minimum, Maximum | B21: 3
A22: Standard Deviation | B22: 4
A23: Frequency Distribution | B23: 6
A24: Histogram | B24: 6
A25: z-Score | B25: 5
A26: Stats total | B26: =SUM(B20:B25) -> 30 | C26: =SUM(C20:C25) -> 0
A27: Major Assignment 1
A28: Total for Major Assignment 1 | B28: =B10+B16+B26 -> 125 | C28: =C10+C16+C26 -> 0

Sheet Budget Expenses
B1: Location
H2: Budget Total: | J2: Formula
B3: Transportation
B4: Item | C4: Qty | D4: Price each | E4: Total price | F4: Source
B5: Description | C5: numbers | D5: Number or NA | E5: Formulas | F5: Link or citation
B8: (Add rows as needed)
B9: Lodging
B10: Item | C10: Qty | D10: Price each | E10: Total price
B11: Description | C11: numbers | D11: Number or NA | E11: Formulas | F11: Link or citation
B15: (add rows as needed)
B16: Food
B17: Item | C17: Qty | D17: Price each | E17: Total price
B18: Description | C18: numbers | D18: Number or NA | E18: Formulas | F18: Link or citation
B22: (add rows as needed)
B23: Entertainment and Misc.
B24: Item | C24: Qty | D24: Price each | E24: Total price
B25: Numbers | C25: numbers | D25: Number or NA | E25: Formulas | F25: Link or citation
B29: (add rows as needed)

Sheet Loans
B2: Loans
C3: Loan A | D3: Loan B
B4: Principal (P) (same for both loans) | C4: number | D4: number
B5: rate ( r) | C5: number | D5: number
B6: # of Compoundings per year (n) | C6: number | D6: number
B7: time in years (t) | C7: number | D7: number
B8: Payment (PMT) | C8: formula | D8: formula
B10: Total Paid | C10: formula | D10: formula
B11: Interest Paid | C11: formula | D11: formula
B12: Source | C12: Link or citation | D12: Link or citation

Sheet Stats
A1: Data
A2: =Data!A2 -> 72.4 | C2: Descriptive Statistics | F2: Frequency Distribution
A3: =Data!A3 -> 71.3 | C3: Mean | D3: formula | F3: Low | G3: High | H3: Bins | I3: Cumulative Frequency | J3: Frequency
A4: =Data!A4 -> 71.5 | C4: Median | D4: formula | F4: formula | G4: formula | H4: formula | I4: formula | J4: formula
A5: =Data!A5 -> 65.8 | C5: Mode | D5: formula | F5: formula | G5: formula | H5: formula | I5: formula | J5: formula
A6: =Data!A6 -> 66.6 | C6: Range | D6: formula | F6: formula | G6: formula | H6: formula | I6: formula | J6: formula
A7: =Data!A7 -> 65.2 | C7: Minimum | D7: formula | F7: formula | G7: formula | H7: formula | I7: formula | J7: formula
A8: =Data!A8 -> 70.4 | C8: Maximum | D8: formula | F8: formula | G8: formula | H8: formula | I8: formula | J8: formula
A9: =Data!A9 -> 67.3 | C9: Standard Deviation | D9: formula | F9: formula | G9: formula | H9: formula | I9: formula | J9: formula
A10: =Data!A10 -> 71.9 | C10: Your height | D10: number | F10: formula | G10: formula | H10: formula | I10: formula | J10: formula
A11: =Data!A11 -> 66.9 | C11: z score for your height | D11: formula | F11: formula | G11: formula | H11: formula | I11: formula | J11: formula
A12: =Data!A12 -> 67.5 | F12: formula | G12: formula | H12: formula | I12: formula | J12: formula
A13: =Data!A13 -> 62.5 | C13: Histogram | F13: formula | G13: formula | H13: formula | I13: formula | J13: formula
A14: =Data!A14 -> 68.4 | C14: Min | D14: formula | F14: formula | G14: formula | H14: formula | I14: formula | J14: formula
A15: =Data!A15 -> 69.9 | C15: Max | D15: formula | F15: (remember to create the Histogram, too).
A16: =Data!A16 -> 64.9 | C16: Bin Length | D16: formula
A17: =Data!A17 -> 66.4
A18: =Data!A18 -> 73.5
A19: =Data!A19 -> 66
A20: =Data!A20 -> 67.6
A21: =Data!A21 -> 66.5
A22: =Data!A22 -> 69
A23: =Data!A23 -> 70.6
A24: =Data!A24 -> 65.7
A25: =Data!A25 -> 71.6
A26: =Data!A26 -> 68.5
A27: =Data!A27 -> 71.4
A28: =Data!A28 -> 62.2
... A103: =Data!A103 -> 67.9

Sheet Data
A1: Generated Data
A2: =ROUND(NORMINV(RAND(),68,3.75),1) -> 72.4
A3: =ROUND(NORMINV(RAND(),68,3.75),1) -> 71.3
A4: =ROUND(NORMINV(RAND(),68,3.75),1) -> 71.5
A5: =ROUND(NORMINV(RAND(),68,3.75),1) -> 65.8
A6: =ROUND(NORMINV(RAND(),68,3.75),1) -> 66.6
A7: =ROUND(NORMINV(RAND(),68,3.75),1) -> 65.2
A8: =ROUND(NORMINV(RAND(),68,3.75),1) -> 70.4
A9: =ROUND(NORMINV(RAND(),68,3.75),1) -> 67.3
A10: =ROUND(NORMINV(RAND(),68,3.75),1) -> 71.9
A11: =ROUND(NORMINV(RAND(),68,3.75),1) -> 66.9
A12: =ROUND(NORMINV(RAND(),68,3.75),1) -> 67.5
A13: =ROUND(NORMINV(RAND(),68,3.75),1) -> 62.5
... A103: =ROUND(NORMINV(RAND(),68,3.75),1) -> 67.9
